 Dungeon Crawl Stone Soup version 0.31-a0-188-g5e087ee2ca (webtiles) character file.

Game seed: 10907828447111183316

63 qw the Shooter (level 3, -1/20 HPs)
             Began as a Deep Elf Hunter on June 23, 2023.
             Slain by Grinder (2 damage)
             ... on level 3 of the Dungeon.
             The game lasted 00:00:39 (1980 turns).

qw the Shooter (Deep Elf Hunter)                    Turns: 1980, Time: 00:00:40

Health: -1/20      AC:  5    Str: 10    XL:     3   Next: 87%
Magic:  5/5        EV: 11    Int: 13    God:
Gold:   80         SH:  0    Dex: 18    Spells: 2/2 levels left

rFire   . . .        Y - +0 shortbow
rCold   . . .        (shield currently unavailable)
rNeg    . . .        a - +0 ring mail
rPois   +            (no helmet)
rElec   .            (no cloak)
rCorr   .            (no gloves)
SInv    .            (no boots)
Will    .....        (no amulet)
Stlth   +            e - ring of poison resistance
HPRegen 0.23/turn    (no ring)
MPRegen 0.09/turn

%: no passive effects
@: no status effects
A: no striking features
a: no special abilities


You were on level 3 of the Dungeon.
You visited 1 branch of the dungeon, and saw 3 of its levels.

You collected 146 gold pieces.
You spent 66 gold pieces at shops.


   Skills:
 - Level 1.5 Fighting
 + Level 7.3 Ranged Weapons
 - Level 2.4 Dodging
 - Level 1.2 Stealth


You had 2 spell levels left.
You didn't know any spells.
Your spell library was empty.

Inventory:

Hand Weapons
 Y - a +0 shortbow (weapon)
Armour
 a - a +0 ring mail (worn)
Jewellery
 e - a ring of poison resistance (left hand)
Scrolls
 f - 2 scrolls of identify
Potions
 b - a potion of berserk rage {unknown}
 c - a potion of mutation {unknown}
 d - a potion of curing

Dungeon Overview and Level Annotations

Branches:
Dungeon (3/15)

Altars:

Shops:
D:1 (   D:2 [*[=

Annotations:
D:3 Grinder


Message History

You shoot an arrow.
The arrow hits the jackal but does no damage.
The jackal is almost dead.
You shoot an arrow. The arrow hits the jackal!
You kill the jackal!
You shoot an arrow. The arrow hits the jackal.
The jackal is heavily wounded.
You shoot an arrow. The arrow barely misses the jackal.
Grinder comes into view.
The jackal bites you but does no damage.
You shoot an arrow. The arrow hits the jackal.
You kill the jackal!
Grinder blinks!
You shoot an arrow. The arrow hits Grinder.
Grinder is lightly wounded.
You shoot an arrow. The arrow closely misses Grinder.
You shoot an arrow. The arrow barely misses Grinder.
You shoot an arrow. The arrow hits Grinder.
Grinder is moderately wounded.
Grinder gestures at you. Pain shoots through your body!
You shoot an arrow. The arrow closely misses Grinder.
Grinder says, "What is the universe for?"
You shoot an arrow. The arrow barely misses Grinder.
Grinder closely misses you.
You shoot an arrow. The arrow hits Grinder.
Grinder is moderately wounded.
Grinder hits you.
You writhe in agony.
You shoot an arrow. The arrow hits Grinder.
Grinder is moderately wounded.
Grinder closely misses you.
You shoot an arrow. The arrow closely misses Grinder.
Grinder hits you.
You writhe in agony.
You shoot an arrow. The arrow hits Grinder!
Grinder is heavily wounded.
Grinder hits you!
You writhe in agony.
You shoot an arrow. The arrow hits Grinder.
Grinder is heavily wounded.
Grinder hits you.
You die...

#### ....###
....###....<###
..>...........
...........#
#.........##
.###..........##
............#..##
.................
......5@.....####
.$........####
.......#...######
.......#........#.#
...>.###....###.#.#
.....###.....##...#
...#!............##
... ####.##.##.....
#. #........


You could see Grinder.

Vanquished Creatures
  An adder (D:2)
  A gnoll (D:1)
  A worm (D:2)
  3 bats (D:1)
  3 endoplasms (D:1)
  A giant cockroach (D:1)
  4 goblins
  5 hobgoblins
  2 jackals (D:3)
  3 ball pythons
  3 frilled lizards
  5 kobolds
  8 rats
40 creatures vanquished.

Notes
Turn   | Place    | Note
-------+----------+-------------------------------------------
     0 | D:1      | qw the Deep Elf Hunter began the quest for the Orb.
     0 | D:1      | Reached XP level 1. HP: 12/12 MP: 3/3
     0 | D:1      | 0 ||| qw: Version: 0.3-a-9-g12657ce
     0 | D:1      | 0 ||| qw: Game counter: 3758
     0 | D:1      | 0 ||| qw: Always use a shield: true
     0 | D:1      | 0 ||| qw: God list: Okawaru
     0 | D:1      | 0 ||| qw: Allow faded altars: false
     0 | D:1      | 0 ||| qw: Do Orc after D:15 true
     0 | D:1      | 0 ||| qw: Do second Lair branch before Depths: true
     0 | D:1      | 0 ||| qw: Lair rune preference: random
     0 | D:1      | 0 ||| qw: Plans: Normal
     0 | D:1      | 0 ||| PLANNING D:1-11
   189 | D:1      | Reached XP level 2. HP: 16/16 MP: 4/4
   216 | D:1      | Reached skill level 6 in Ranged Weapons
   424 | D:1      | 424 ||| FLEEEEING.
   425 | D:1      | 425 ||| FLEEEEING.
   426 | D:1      | 426 ||| FLEEEEING.
   427 | D:1      | 427 ||| FLEEEEING.
   428 | D:1      | 428 ||| FLEEEEING.
   429 | D:1      | 429 ||| FLEEEEING.
   430 | D:1      | 430 ||| FLEEEEING.
   433 | D:1      | 433 ||| FLEEEEING.
   434 | D:1      | 434 ||| FLEEEEING.
   435 | D:1      | 435 ||| FLEEEEING.
   436 | D:1      | 436 ||| FLEEEEING.
   438 | D:1      | 438 ||| FLEEEEING.
   439 | D:1      | 439 ||| FLEEEEING.
   441 | D:1      | 441 ||| FLEEEEING.
   443 | D:1      | 443 ||| FLEEEEING.
   444 | D:1      | 444 ||| FLEEEEING.
   445 | D:1      | 445 ||| FLEEEEING.
   446 | D:1      | 446 ||| FLEEEEING.
   447 | D:1      | 447 ||| FLEEEEING.
   448 | D:1      | 448 ||| FLEEEEING.
   449 | D:1      | 449 ||| FLEEEEING.
   450 | D:1      | 450 ||| FLEEEEING.
   454 | D:1      | HP: 1/16 [gnoll/+0 club (8)]
   457 | D:1      | Reached XP level 3. HP: 3/20 MP: 5/5
   549 | D:1      | Found Kutz's Weapon Shop.
   555 | D:1      | 555 ||| SHOPLISTING +2 shortbow of freezing (226 gold, have
                  | 42).
   730 | D:1      | 730 ||| UPGRADING to ring of poison resistance.
   731 | D:1      | 731 ||| READING scroll labelled HYSKIUVVURPH.
   732 | D:1      | 732 ||| READING scroll labelled KUMYEG FOFI.
   733 | D:1      | 733 ||| DRINKING 2 glowing orange potions.
   761 | D:1      | 761 ||| DROPPING scroll of butterflies.
   762 | D:1      | 762 ||| DROPPING potion of lignification.
   800 | D:2      | Found Jylofuf's Armour Boutique.
   822 | D:2      | 822 ||| BUYING +0 ring mail (40 gold).
   822 | D:2      | Bought a +0 ring mail for 40 gold pieces
   822 | D:2      | 822 ||| SHOPLISTING +2 pair of boots of the Evening {Dex+5}
                  | (320 gold, have 55).
  1005 | D:2      | Found Xuires's Armour Shop.
  1010 | D:2      | 1010 ||| SHOPLISTING +0 helmet (63 gold, have 55).
  1010 | D:2      | 1010 ||| SHOPLISTING +0 pair of boots (63 gold, have 55).
  1010 | D:2      | 1010 ||| SHOPLISTING +2 scale mail of cold resistance (294
                  | gold, have 55).
  1054 | D:2      | Found Adoastel's Assorted Antiques.
  1062 | D:2      | 1062 ||| BUYING grey potion (26 gold).
  1062 | D:2      | Bought a grey potion for 26 gold pieces
  1062 | D:2      | 1062 ||| SHOPLISTING scorched bronze ring (145 gold, have
                  | 29).
  1062 | D:2      | 1062 ||| SHOPLISTING scroll of identify (58 gold, have 29).
  1062 | D:2      | 1062 ||| SHOPLISTING twisted cameo amulet (145 gold, have
                  | 29).
  1074 | D:2      | Reached skill level 7 in Ranged Weapons
  1233 | D:2      | Found Kaziup's Jewellery Shop.
  1237 | D:2      | 1237 ||| SHOPLISTING +6 ring of dexterity (504 gold, have
                  | 70).
  1237 | D:2      | 1237 ||| SHOPLISTING amulet of regeneration (420 gold, have
                  | 70).
  1237 | D:2      | 1237 ||| SHOPLISTING ring of protection from cold (350
                  | gold, have 70).
  1237 | D:2      | 1237 ||| SHOPLISTING ring of willpower (350 gold, have 70).
  1263 | D:2      | Found Cenoitoy's Antique Weapon Boutique.
  1910 | D:2      | 1910 ||| UPGRADING to +0 ring mail.
  1920 | D:2      | 1920 ||| DROPPING +0 leather armour.
  1921 | D:2      | 1921 ||| READING scroll labelled ICHUIGGUSASCH.
  1922 | D:2      | 1922 ||| READING scroll labelled DOXEOH SUFATZU.
  1926 | D:2      | 1926 ||| DRINKING 2 grey potions.
  1927 | D:2      | 1927 ||| READING 2 scrolls of identify.
  1927 | D:2      | 1927 ||| IDENTIFYING orange potion
  1928 | D:2      | 1928 ||| DROPPING potion of brilliance.
  1968 | D:3      | Noticed Grinder
  1979 | D:3      | HP: 4/20 [Grinder (7)]
  1979 | D:3      | HP: 1/20 [Grinder (3)]
  1980 | D:3      | Slain by Grinder

Levels and vault maps discovered:
D:1:      minmay_arrival_loop, layout_loops_ring, serial_shops,
          nicolae_shop_crystal, dk_noncrumbling_3
D:2:      layout_basic, serial_shops, shop, nicolae_shop_advertising_works
          [nicolae_subvault_shop_adworks], nicolae_shop_crystal, shop_fountains,
          nicolae_shop_pleasant_corner_grove, lemuel_flame_loot_1
D:3:      layout_rooms, serial_curves, eino_curves_03, eino_curves_04,
          uniq_jessica, uniq_grinder, uniq_robin, uniq_sigmund, uniq_natasha,
          uniq_crazy_yiuf_cottage

Skill      XL: |  1  2  3 |
---------------+----------+-----
Ranged Weapons | 6 7 |  7.3
Fighting       | |  1.5
Dodging        | |  2.4
Stealth        | |  1.2

Action                     || total
---------------------------++-------
   Fire: Shortbow          ||   115
    Use: Scroll            ||     5
         Potion            ||     2
 Armour: Leather armour    ||     6
         Ring mail         ||     1
  Dodge: Dodged            ||    18

Table legend:
 A = Non-vault XP
 B = Vault XP
 C = Vault XP percentage of total XP
 D = Non-vault monster count
 E = Vault monster count
 F = Vault count percentage of total count
                 A         B        C        D         E       F
            +---------+---------+-------+---------+---------+-------
      Total |      90 |       0 |   0.0 |      40 |       0 |   0.0
            +---------+---------+-------+---------+---------+-------
        D:1 |      51 |       0 |   0.0 |      24 |       0 |   0.0
        D:2 |      34 |       0 |   0.0 |      13 |       0 |   0.0
        D:3 |       5 |       0 |   0.0 |       3 |       0 |   0.0
            +---------+---------+-------+---------+---------+-------
